 Dungeon Sprint DCSS version 0.28.0-43-g3370ac3207 (webtiles) character file.

Game seed: 788413523940195257

1795 boopmooplesden the Severer (level 8, -6/90 HPs)
             Began as a Minotaur Berserker on Mar 6, 2022.
             Was a High Priest of Trog.
             Mangled by a hornet (7 damage)
             ... while paralysed by a hornet
             ... in the Dungeon (Sprint II: "The Violet Keep of Menkaure").
             The game lasted 00:02:04 (557 turns).

boopmooplesden the Severer (Minotaur Berserker)      Turns: 557, Time: 00:02:05

Health: -6/90      AC:  7    Str: 25    XL:     8   Next: 83%
Magic:  7/7        EV:  2    Int:  4    God:    Trog [*****.]
Gold:   104        SH:  0    Dex:  9    Spells: 7/7 levels left

rFire   . . .      SeeInvis .   k - +8 great sword "Rot Xievu" {freeze, rCorr}
rCold   + . .      Faith    .   (shield currently unavailable)
rNeg    . . .      Spirit   .   j - +3 leather armour "Fegufir" {rElec rPois rC+}
rPois   +          Reflect  .   (helmet restricted)
rElec   +          Harm     .   (no cloak)
rCorr   +          Rampage  .   (no gloves)
Will    .....      NoTele   +   (no boots)
Stlth   +.........              (no amulet)
HPRegen 0.25/turn               (no ring)
MPRegen 0.10/turn               (no ring)

@: paralysed, on berserk cooldown, slowed
A: horns 2, retaliatory headbutt
a: Renounce Religion, Berserk, Trog's Hand, Brothers in Arms


You were in the Dungeon.
You worshipped Trog.
Trog was extremely pleased with you.
You visited 1 branch You collected 972 gold pieces.
You spent 868 gold pieces at shops.

Inventory:

Hand Weapons
 a - a +0 hand axe
 b - a +2 vampiric hand axe
 k - the +8 great sword "Rot Xievu" (weapon) {freeze, rCorr}
   (You bought it in a shop in the Dungeon)

   It freezes those it strikes, dealing additional cold damage.
   It can also slow down cold-blooded creatures.
   rCorr:     It protects you from acid and corrosion.
Armour
 j - the +3 leather armour "Fegufir" (worn) {rElec rPois rC+}
   (You bought it in a shop in the Dungeon)

   rC:        It protects you from cold.
   rElec:     It insulates you from electricity.
   rPois:     It protects you from poison.
Scrolls
 h - a scroll of blinking
 i - a scroll of silence {unknown}
Potions
 c - a potion of curing
 d - a potion of heal wounds
 e - a potion of haste
 f - 2 potions of magic
 g - a potion of berserk rage


   Skills:
 + Level 14.5 Fighting
 + Level 2.8 Long Blades
 + Level 15.7 Axes
 + Level 7.5 Armour
 + Level 7.3 Dodging


You had 7 spell levels left.
You didn't know any spells.
Your spell library was empty.

Dungeon Overview and Level Annotations

Branches:
Dungeon (1/1)

Altars:
Cheibriados
Dithmenos
Elyvilon
Fedhas
Gozag
Kikubaaqudgha
Makhleb
Nemelex Xobeh
Okawaru
Sif Muna
Trog
Uskayaw
Vehumet
Xom
Yredelemnul
Zin
Beogh
Jiyva
Lugonu

Shops:
D :([![=:!=[*=?[(

Annotations:
D exclusion: oklob plant


Innate Abilities, Weirdness & Mutations

You have a pair of horns on your head.
You reflexively headbutt those who attack you in melee.


Message History

Your Axes skill increases to level 15!
Your Dodging skill increases to level 7!
A polar bear comes into view.
The polar bear growls angrily.
The polar bear bites you! The polar bear claws you.
The polar bear completely misses you.
The yaktaur unwields a +0 arbalest.
The yaktaur hits you!
Things that are here:
a polar bear corpse; a polar bear corpse You slash the yaktaur!
You freeze the yaktaur.
The yaktaur is heavily wounded.
The polar bear barely misses you. You furiously retaliate!
You headbutt the polar bear! The polar bear closely misses you.
The polar bear claws you but does no damage.
The yaktaur closely misses you. You furiously retaliate!
You headbutt the yaktaur! You slice the yaktaur!! You freeze the yaktaur.
You kill the yaktaur!
Trog accepts your kill.
You are no longer berserk.
You are exhausted.
You feel yourself slow down. The polar bear barely misses you.
The polar bear claws you but does no damage.
The polar bear misses you.
Your Long Blades skill increases to level 2!
You slice the hornet!! You freeze the hornet!
The hornet is almost dead.
The hornet stings you!
* * * LOW HITPOINT WARNING * * *
You suddenly lose the ability to move!
The hornet stings you!
* * * LOW HITPOINT WARNING * * *
You feel as though you will be slow longer.
The polar bear bites you but does no damage.
The polar bear claws you but does no damage. x2
The hornet stings you!
* * * LOW HITPOINT WARNING * * *
The polar bear bites you but does no damage.
The polar bear claws you but does no damage. x2
The hornet stings you!
You die...

## .##.#### +.### ..#
...# ...#### .####..##
#..##.# ###.##..#
+..#..# ##...#..#
#..#hy#
.'.##'..####..##@# (
##...#....###...##▓▓▓▓
###.##......≈≈≈≈≈≈≈≈≈≈≈
#####≈≈....§≈#+########
#.#≈≈≈≈≈≈≈..≈#_._.....#
.##≈≈≈≈≈≈§§.≈#._._....#
##≈≈≈≈≈≈≈§§≈≈#_._._...#
≈≈≈≈≈≈≈§≈§§≈≈#._._._..#
+++#≈≈≈≈≈≈≈≈§#_._._._.#


You could see a polar bear and a hornet.

Vanquished Creatures
  A merfolk siren (D)
  A yaktaur (D)
  2 polar bears (D)
  Menkaure (D)
  A water moccasin (D)
  4 necrophages (D)
  5 scorpions (D)
  3 worms (D)
18 creatures vanquished.

Notes
Turn   | Place    | Note
-------+----------+-------------------------------------------
     0 | D        | boopmooplesden the Minotaur Berserker began the quest for
                  | the Orb.
     0 | D        | Reached XP level 1. HP: 19/19 MP: 0/0
     1 | D        | Noticed a necrophage
     1 | D        | Noticed a necrophage
     1 | D        | Noticed a necrophage
     1 | D        | Noticed a necrophage
     9 | D        | Killed a necrophage
    10 | D        | Reached skill level 7 in Axes
    10 | D        | Reached XP level 2. HP: 34/34 MP: 1/1
    10 | D        | Reached XP level 3. HP: 39/39 MP: 2/2
    10 | D        | Reached XP level 4. HP: 47/47 MP: 3/3
    15 | D        | Killed a necrophage
    16 | D        | Reached skill level 9 in Axes
    16 | D        | Reached XP level 5. HP: 56/56 MP: 4/4
    18 | D        | Killed a necrophage
    18 | D        | Reached ** piety under Trog
    19 | D        | Reached skill level 10 in Axes
    19 | D        | Reached skill level 5 in Armour
    20 | D        | Killed a necrophage
    21 | D        | Reached skill level 10 in Fighting
    21 | D        | Reached skill level 5 in Dodging
    21 | D        | Reached XP level 6. HP: 67/67 MP: 5/5
    29 | D        | Noticed a merfolk siren
    41 | D        | Killed a merfolk siren
    42 | D        | Reached skill level 12 in Axes
    42 | D        | Reached XP level 7. HP: 56/77 MP: 6/6
   140 | D        | Reached *** piety under Trog
   169 | D        | Reached skill level 13 in Axes
   170 | D        | Reached **** piety under Trog
   179 | D        | Found Ralies's Antique Armour Emporium.
   179 | D        | Found Harab's Armour Shoppe.
   179 | D        | Found Patoejih's Jewellery Emporium.
   179 | D        | Found Xuutonomi's Distillery.
   179 | D        | Found Apiziduj's Jewellery Shoppe.
   179 | D        | Found Lochadof's Book Emporium.
   180 | D        | Found Igeyffih's Armour Shoppe.
   180 | D        | Found Iseqij's Distillery.
   180 | D        | Found Lema's Magic Scroll Shoppe.
   180 | D        | Found Goylin's Antique Weapon Shoppe.
   180 | D        | Found Agyacvab's General Store.
   181 | D        | Found Culo's Antique Armour Shoppe.
   181 | D        | Found Keheumef's Jewellery Emporium.
   181 | D        | Found Wevoluptui's Antique Weapon Emporium.
   181 | D        | Noticed Menkaure
   181 | D        | Noticed a shining eye
   196 | D        | Killed Menkaure
   197 | D        | Reached skill level 14 in Axes
   197 | D        | Reached XP level 8. HP: 31/86 MP: 7/7
   201 | D        | Noticed a shining eye
   201 | D        | Noticed a shining eye
   201 | D        | Noticed an oklob plant
   379 | D        | Reached ***** piety under Trog
   388 | D        | Found Fezuf's Book Shoppe.
   390 | D        | Noticed an ice dragon
   392 | D        | Bought the +3 leather armour "Fegufir" {rElec rPois rC+}
                  | for 506 gold pieces
   403 | D        | Noticed a great orb of eyes
   415 | D        | Bought a runed hand axe for 144 gold pieces
   514 | D        | Bought a sapphire great sword for 218 gold pieces
   514 | D        | Identified the +8 great sword "Rot Xievu" {freeze, rCorr}
                  | (You bought it in a shop in the Dungeon)
   537 | D        | Found an iron altar of Okawaru.
   537 | D        | Found a radiant altar of Vehumet.
   537 | D        | Found a glowing silver altar of Zin.
   538 | D        | Found a sparkling altar of Nemelex Xobeh.
   538 | D        | Found a hide-covered altar of Uskayaw.
   539 | D        | Found an opulent altar of Gozag.
   539 | D        | Found a burning altar of Makhleb.
   539 | D        | Found a bloodstained altar of Trog.
   539 | D        | Found a basalt altar of Yredelemnul.
   539 | D        | Found a shimmering altar of Xom.
   540 | D        | Found a blossoming altar of Fedhas.
   540 | D        | Found a corrupted altar of Lugonu.
   540 | D        | Found a shimmering blue altar of Sif Muna.
   541 | D        | Found a white marble altar of Elyvilon.
   541 | D        | Found an ancient bone altar of Kikubaaqudgha.
   542 | D        | Found a shadowy altar of Dithmenos.
   542 | D        | Found a viscous altar of Jiyva.
   543 | D        | Found a snail-covered altar of Cheibriados.
   544 | D        | Noticed a polar bear
   544 | D        | Noticed a polar bear
   545 | D        | Noticed a yaktaur
   545 | D        | Noticed a hornet
   549 | D        | Killed a polar bear
   553 | D        | Killed a polar bear
   554 | D        | Reached skill level 1 in Long Blades
   554 | D        | Reached skill level 15 in Axes
   554 | D        | Noticed a polar bear
   556 | D        | Killed a yaktaur
   557 | D        | Paralysed by a hornet for 3 turns
   557 | D        | HP: 1/90 [hornet (12)]
   557 | D        | Mangled by a hornet

Illustrated notes

Levels and vault maps discovered:
D:        the_violet_keep_of_menkaure [sprint2_stairs_cluster_1,
          sprint2_shoproom, sprint2_temple, sprint2_basic_supplies,
          sprint2_obstacle_5, sprint2_obstacle_6, sprint2_obstacle_7,
          sprint2_obstacle_2, sprint2_obstacle_3, sprint2_timed_cluster_1,
          sprint2_smallroom_cluster_1, sprint2_smallroom_final_cluster_1,
          sprint2_transparent_cluster_1, sprint2_second_timed_cluster_1,
          sprint2_sniper_area_1, sprint2_heavy_combat_area_1,
          sprint2_mutation_trap_area_1, sprint2_forest_area_1,
          sprint2_light_combat_area_1, sprint2_behind_water_1,
          sprint2_near_end_vault_1]

Skill      XL: |  1  2  3  4  5  6  7  8 |
---------------+-------------------------+-----
Fighting       | 7 8 10 12 13 14 | 14.5
Axes           | 7 9 10 12 14 15 | 15.7
Armour         | 4 5 6 7 |  7.5
Dodging        | 3 4 5 6 7 |  7.3
Long Blades    | 2 |  2.8

Action                   |  1- 3 |  4- 6 |  7- 9 || total
-------------------------+-------+-------+-------++-------
Melee: Hand axe          |     7 |    22 |    26 ||    55
       Headbutt          |       |     5 |    10 ||    15
       Punch             |       |       |     1 ||     1
       Great sword       |       |       |    10 ||    10
Invok: Berserk           |     1 |       |     2 ||     3
Armor: Animal skin       |     1 |     1 |       ||     2
       Leather armour    |       |       |    15 ||    15
Dodge: Dodged            |     3 |     5 |    25 ||    33
